 Dungeon Crawl Stone Soup version 0.29-a0-364-g921d912d32 (webtiles) character file.

Game seed: 17000435445340591954

112 avis the Chopper (level 4, -3/40 HPs)
             Began as a Hill Orc Monk on May 1, 2022.
             Slain by a killer bee (5 damage)
             ... on level 3 of the Dungeon.
             The game lasted 00:14:35 (3573 turns).

avis the Chopper (Hill Orc Monk)                    Turns: 3573, Time: 00:14:35

Health: -3/40      AC: 11    Str: 15    XL:     4   Next: 95%
Magic:  4/4        EV:  9    Int: 10    God:
Gold:   215        SH:  0    Dex: 13    Spells: 3/3 levels left

rFire   . . .      SeeInvis +   a - +0 war axe
rCold   . . .      Faith    .   e - +0 buckler
rNeg    . . .      Spirit   .   m - +4 scale mail of Acaonuum {Stlth+}
rPois   .          Reflect  .   q - +0 helmet
rElec   .          Harm     .   (no cloak)
rCorr   .          Rampage  .   (no gloves)
Will    .....                   (no boots)
Stlth   +.........              (no amulet)
HPRegen 0.13/turn               u - ring of see invisible
MPRegen 0.09/turn               (no ring)

@: confused, lethally poisoned (-3 -> -17), ambrosia-drunk
A: no striking features
a: no special abilities


You were on level 3 of the Dungeon.
You visited 1 branch of the dungeon, and saw 4 of its levels.

You collected 215 gold pieces.

Inventory:

Hand Weapons
 a - a +0 war axe (weapon)
 r - a +0 hand axe
Missiles
 b - 6 javelins
 d - 131 stones
 o - 2 poisoned darts (quivered)
Armour
 e - a +0 buckler (worn)
 m - the +4 scale mail of Acaonuum (worn) {Stlth+}
   (You found it on level 2 of the Dungeon)

   Stlth:     It makes you more stealthy.
 q - a +0 helmet (worn)
 s - a +1 hat
Jewellery
 u - a ring of see invisible (left hand)
Scrolls
 f - a scroll of amnesia {unknown}
 h - a scroll of silence {unknown}
 i - 2 scrolls of fog {unknown}
 j - 4 scrolls of identify {unknown}
 n - a scroll of summoning {unknown}
 t - a scroll of holy word {unknown}
Potions
 g - a potion of brilliance {unknown}
 k - a potion of haste {unknown}
 l - 3 potions of flight {unknown}
 p - a potion of attraction {unknown}


   Skills:
 + Level 4.1 Fighting
 * Level 4.6 Axes
 - Level 2.4 Dodging
 - Level 1.5 Stealth
 - Level 4.0 Shields


You had 3 spell levels left.
You didn't know any spells.
Your spell library contained the following spells:

 Spells                   Type           Power      Damage    Failure   Level
 Shock                    Conj/Air       0%         1d3       91%         1
 Sublimation of Blood     Necr           0%         N/A       97%         2
 Wereblood                Tmut           0%         N/A       97%         2
 Gell's Gravitas          Tloc           0%         N/A       99%         3
 Lesser Beckoning         Tloc           0%         N/A       99%         3
 Swiftness                Air            0%         N/A       99%         3
 Teleport Other           Tloc           0%         N/A       99%         3
 Tukima's Dance           Hex            0%         N/A       99%         3
 Airstrike                Air            0%         N/A       100%        4
 Anguish                  Hex/Necr       0%         N/A       100%        4
 Enfeeble                 Hex            0%         N/A       100%        7
 Summon Hydra             Summ           0%         N/A       100%        7


Dungeon Overview and Level Annotations

Branches:
Dungeon (4/15)
 Temple: D:4-7

Altars:
Ashenzari
Dithmenos
Fedhas

Shops:
D:1 [   D:2 (


Message History

You are more poisoned.
The killer bee poisons you! The killer bee closely misses you.
You barely miss the killer bee. You completely miss the killer bee.
You feel very sick. The killer bee misses you.
The killer bee completely misses you.
The killer bee stings you but does no damage. x3
The killer bee barely misses you.
You miss the killer bee. You closely miss the killer bee.
You feel sick.
The killer bee stings you but does no damage.
The killer bee closely misses you. The killer bee stings you.
You are more poisoned.
The killer bee poisons you!
The killer bee stings you but does no damage.
The killer bee stings you.
You are lethally poisoned!
The killer bee poisons you!
The killer bee stings you but does no damage.
You closely miss the killer bee. You miss the killer bee.
You feel less invigorated.
You feel less confused.
You feel very sick. The killer bee barely misses you.
The killer bee stings you.
You are lethally poisoned!
The killer bee poisons you! The killer bee stings you.
The killer bee closely misses you.
You are confused.
You feel invigorated.
You feel very sick.
The killer bee stings you but does no damage. x3
The killer bee stings you.
* * * LOW HITPOINT WARNING * * *
You're too confused to move!
* * * LOW HITPOINT WARNING * * *
You feel very sick.
The killer bee stings you but does no damage.
The killer bee stings you!
* * * LOW HITPOINT WARNING * * *
The killer bee stings you but does no damage.
The killer bee stings you.
You die...

##### #### ....## #... ≈§≈..#####
#.## .§§......# #######.#.
≈§≈§.....######### #.....#.#.
≈§§......'..)..y@# ##.≈...#.#.
≈.≈......#######y######..≈⌠≈.#.#.
≈§≈.§....# #.#........≈≈.....
§§≈......# #.##.####.......##
.§≈......# #.##.# ##.##.#.#
§≈≈......# #.##.# #....###
.§.......# #.##.# ####.#
##.......# #)...# #.####
#.......# ###### #.....


You could see 2 killer bees.

Vanquished Creatures
  Terence (D:2)
  2 adders
  A dart slug (D:3)
  An orc (D:3)
  7 bats
  4 endoplasms
  8 goblins
  8 hobgoblins
  2 jackals (D:1)
  5 quokkas
  3 ball pythons
  6 frilled lizards
  10 kobolds
  5 rats
63 creatures vanquished.

Vanquished Creatures (others)
  2 demonic plants (D:2)
2 creatures vanquished.

Grand Total: 65 creatures vanquished

Notes
Turn   | Place    | Note
-------+----------+-------------------------------------------
     0 | D:1      | avis the Hill Orc Monk began the quest for the Orb.
     0 | D:1      | Reached XP level 1. HP: 19/19 MP: 1/1
   656 | D:1      | Reached skill level 1 in Shields
   656 | D:1      | Reached XP level 2. HP: 27/27 MP: 2/2
   976 | D:1      | Found Poruos's Antique Armour Emporium.
  1041 | D:1      | Reached XP level 3. HP: 23/33 MP: 3/3
  1529 | D:2      | Noticed Terence
  1626 | D:2      | Identified the +4 scale mail of Acaonuum {Stlth+}
  2056 | D:2      | Found Xeisunokh's Weapon Shop.
  2314 | D:2      | Reached XP level 4. HP: 40/40 MP: 4/4
  2314 | D:2      | Found a blossoming altar of Fedhas.
  2384 | D:2      | Found a faded altar of an unknown god.
  2689 | D:2      | Killed Terence
  3066 | D:3      | Found a broken altar of Ashenzari.
  3082 | D:3      | Found a shadowy altar of Dithmenos.
  3573 | D:3      | HP: 2/40 [killer bee (7)]
  3573 | D:3      | Slain by a killer bee

Illustrated notes

Levels and vault maps discovered:
D:1:      dpeg_arrival_concentric_ovals, layout_basic, serial_shops,
          nicolae_shop_hallway_plus
D:2:      minmay_kobold_bridge, layout_basic, serial_shops,
          nicolae_diamond_shop, basic_altar,
          dreamdust_ecumenical_altar_sealed_demon, uniq_terence
D:3:      layout_basic, mainiacjoe_overflow_catwalk_spiral,
          corexii_leaking_fountain
D:4:      layout_loops_ring, overflow_temple_1_default, uniq_natasha

Skill      XL: |  1  2  3  4 |
---------------+-------------+-----
Shields        | 1 2 3 4 |  4.0
Fighting       | 4 |  4.1
Axes           | |  4.6
Dodging        | |  2.4
Stealth        | |  1.5

Action                   |  1- 3 |  4- 6 || total
-------------------------+-------+-------++-------
Melee: Hand axe          |   134 |    42 ||   176
       War axe           |       |    37 ||    37
Throw: Dart              |       |     1 ||     1
  Use: Potion            |       |     2 ||     2
 Stab: Sleeping          |       |     2 ||     2
Armor: Robe              |     5 |       ||     5
       Scale mail        |    48 |    53 ||   101
Dodge: Dodged            |    57 |    44 ||   101
Block: Buckler           |    18 |    15 ||    33

Table legend: (Time is in decaauts)
 A = Elapsed time spent in this place.
 B = Non-inter-level travel time spent in this place.
 C = Inter-level travel time spent in this place.
 D = Time resting spent in this place.
 E = Time spent auto-exploring this place.
 F = Levels seen in this place.
 G = Mean time per level.
                   A        B        C        D        E       F      G
               +--------+--------+--------+--------+--------+-----+--------+
         Total |   3613 |   3265 |    348 |    909 |   1419 |   4 |  903.2 |
       Dungeon |   3613 |   3265 |    348 |    909 |   1419 |   4 |  903.2 |
               +--------+--------+--------+--------+--------+-----+--------+

Top non-repeatable levels by time:
     D:2: 1586 daAuts
     D:1: 1394 daAuts
     D:3: 620 daAuts
     D:4: 12 daAuts
